 Dungeon Crawl Stone Soup version 0.30-b1-2-g02819fbbbe (webtiles) character file.

Game seed: 8289893626446938311

46 striepan the Slasher (level 3, -6/31 HPs)
             Began as a Hill Orc Monk on Jan 16, 2024.
             Killed by nerve-wracking pain
             ... invoked by Grinder
              (13 damage)
             ... on level 3 of the Dungeon.
             The game lasted 00:04:45 (1620 turns).

striepan the Slasher (Hill Orc Monk)                Turns: 1620, Time: 00:04:46

Health: -6/31      AC:  8    Str: 13    XL:     3   Next: 66%
Magic:  3/3        EV:  7    Int: 10    God:
Gold:   84         SH:  0    Dex: 15    Spells: 2/2 levels left

rFire   . . .        a - +0 falchion
rCold   . . .        d - orb {light}
rNeg    . . .        g - +0 chain mail
rPois   .            (no helmet)
rElec   .            (no cloak)
rCorr   .            (no gloves)
SInv    .            (no boots)
Will    .....        (no amulet) Stlth
                     (no ring)
HPRegen 0.25/turn    (no ring)
MPRegen 0.08/turn

%: no passive effects
@: glowing
A: no striking features
a: no special abilities


You were on level 3 of the Dungeon.
You visited 1 branch of the dungeon, and saw 3 of its levels.

You collected 84 gold pieces.

Inventory:

Hand Weapons
 a - a +0 falchion (weapon)
Missiles
 j - 26 stones (quivered)
Armour
 b - a +0 robe
 d - an orb of light (worn)
 g - a +0 chain mail (worn)
 k - a +0 ring mail
Jewellery
 l - a ring of ice
Scrolls
 h - 2 scrolls of identify {unknown}
 i - a scroll of fear {unknown}
 p - a scroll of blinking {unknown}
 r - a scroll of magic mapping {unknown}
 s - 3 scrolls of noise {unknown}
Potions
 c - a potion of ambrosia
 e - a potion of curing {unknown}
 f - 2 potions of resistance {unknown}
 m - 2 potions of cancellation {unknown}
 n - a potion of brilliance {unknown}
 o - a potion of flight {unknown}
 q - a potion of lignification {unknown}


   Skills:
 - Level 3.6 Fighting
 + Level 5.0 Long Blades
 - Level 2.4 Dodging


You had 2 spell levels left.
You didn't know any spells.
Your spell library contained the following spells:

 Spells                   Type           Power      Damage    Failure   Level
 Frozen Ramparts          Ice            0%         1d1       100%        3
 Ice Form                 Ice/Tmut       0%         N/A       100%        4
 Summon Ice Beast         Ice/Summ       0%         N/A       100%        4


Dungeon Overview and Level Annotations

Branches:
Dungeon (3/15)

Altars:

Annotations:
D:3 Grinder


Message History

Grinder is nearby!
Grinder gestures at you. You resist with significant effort.
Grinder hits you but does no damage.
You hit Grinder.
Grinder is lightly wounded.
Grinder gestures at you.
You suddenly lose the ability to move!
Grinder blinks!
Grinder hits you.
You can move again.
You hit Grinder but do no damage.
Grinder is lightly wounded.
Grinder hits you.
You writhe in agony.
You slash Grinder!
Grinder is moderately wounded.
Grinder closely misses you.
You hit Grinder.
Grinder is heavily wounded.
Grinder hits you!
You writhe in agony.
* * * LOW HITPOINT WARNING * * *
You barely miss Grinder.
Grinder is heavily wounded.
Grinder blinks!
You are too injured to fight recklessly!
Grinder gestures at you.
You suddenly lose the ability to move!
Grinder gestures at you.
You shrug off the repeated paralysis!
You can move again.
You barely miss Grinder.
Grinder is heavily wounded.
Grinder hits you.
* * * LOW HITPOINT WARNING * * *
You writhe in agony.
* * * LOW HITPOINT WARNING * * *
You hit Grinder.
Grinder is heavily wounded.
Grinder gestures at you. Pain shoots through your body!
You die...

####### ###### #.#...#
....# #.#...# #..#
#.#...#
#..#########.#...#
#................#
#####................#
.......#########.....#
.#.......#######@....#
.#..............5....#
.#.......#######....##
.........#######....#
....................#
........########....#
.###....# #....#
........... .....#
............


You could see Grinder.

Vanquished Creatures
  An adder (D:3)
  A worm (D:2)
  A dart slug (D:1)
  3 ball pythons
  6 endoplasms
  4 giant cockroaches
  A goblin (D:3)
  A hobgoblin (D:1)
  4 bats
  2 frilled lizards (D:2)
  5 kobolds
  2 rats
31 creatures vanquished.

Notes
Turn   | Place    | Note
-------+----------+-------------------------------------------
     0 | D:1      | striepan the Hill Orc Monk began the quest for the Orb.
     0 | D:1      | Reached XP level 1. HP: 19/19 MP: 1/1
   458 | D:1      | Reached XP level 2. HP: 26/26 MP: 2/2
   823 | D:1      | Reached skill level 4 in Long Blades
  1191 | D:2      | Reached XP level 3. HP: 30/31 MP: 3/3
  1499 | D:3      | Reached skill level 5 in Long Blades
  1595 | D:3      | Noticed Grinder
  1609 | D:3      | Paralysed by Grinder for 3 turns
  1616 | D:3      | Paralysed by Grinder for 3 turns
  1620 | D:3      | Killed from afar by Grinder

Illustrated notes

Levels and vault maps discovered:
D:1:      mrwooster_arrival_statue_2, layout_basic, minivault_25,
          nicolae_eternal_life, minmay_misc_feat_nine_boxes,
          kennysheep_another_room, minmay_misc_feat_tiny, minivault_19,
          minmay_heptomino_d4
D:2:      layout_rooms
D:3:      cheibrodos_greedy_goblins, layout_basic, uniq_grinder, uniq_jessica

Skill      XL: |  1  2  3 |
---------------+----------+-----
Long Blades    | 4 5 |  5.0
Fighting       | |  3.6
Dodging        | |  2.4

Action                     || total
---------------------------++-------
  Melee: Falchion          ||    88
 Armour: Chain mail        ||    60
  Dodge: Dodged            ||    27
